 Dungeon Crawl Stone Soup version 0.22-a0-305-gd21a89c538 (webtiles) character file.

19 Oravi the Bolt Thrower (level 2, -1/17 HPs)
             Began as a Kobold Hunter on Mar 31, 2018.
             Slain by a hobgoblin
             ... wielding a +0 club
              (5 damage)
             ... on level 1 of the Dungeon.
             The game lasted 00:01:47 (732 turns).

Oravi the Bolt Thrower (Kobold Hunter)               Turns: 732, Time: 00:01:48

Health: -1/17      AC:  4    Str:  9    XL:     2   Next: 95%
Magic:  2/2        EV: 15    Int: 12    God:
Gold:   64         SH:  0    Dex: 15    Spells: 1/1 levels left

rFire    . . .     SeeInvis .   e - +0 dagger
rCold    . . .     Gourm    .   (shield restricted)
rNeg     . . .     Faith    .   c - +0 leather armour
rPois    .         Spirit   .   h - +0 helmet
rElec    .         Reflect  .   (no cloak)
rCorr    .         Harm     .   (no gloves)
MR       .....                  (no boots)
Stlth    ++........             (no amulet)
HPRegen  0.05/turn              (no ring)
MPRegen  0.08/turn              (no ring)

@: no status effects
A: small, carnivore
a: no special abilities


You were on level 1 of the Dungeon.
You were completely stuffed.

You visited 1 branch of the dungeon, and saw 1 of its levels.

You collected 64 gold pieces.

Inventory:

Hand Weapons
 a - a +1 hand crossbow
 b - a +0 short sword
 e - a +0 dagger (weapon)
Missiles
 d - 20 bolts
Armour
 c - a +0 leather armour (worn)
 h - a +0 helmet (worn)
Scrolls
 g - a scroll of remove curse {unknown}
 i - 2 scrolls of identify {unknown}
 j - a scroll of teleportation {unknown}
Comestibles
 f - 2 rations


   Skills:
 - Level 2.1 Fighting
 + Level 0.7 Short Blades
 + Level 5.4 Crossbows
 * Level 2.8 Dodging
 - Level 1.3 Stealth


You had one spell level left.
You didn't know any spells.

Dungeon Overview and Level Annotations

Branches:
Dungeon (1/15)

Altars:


Innate Abilities, Weirdness & Mutations

You are small and have problems with some larger weapons.
You are carnivorous and can eat meat at any time.


Message History

You hit the hobgoblin.
The hobgoblin is heavily wounded.
The hobgoblin hits you with a club.
You completely miss the hobgoblin.
The hobgoblin is heavily wounded.
The hobgoblin hits you with a club.
* * * LOW HITPOINT WARNING * * *
You are too injured to fight recklessly!
You are too injured to fight recklessly!
You are too injured to fight recklessly!
You are too injured to fight recklessly!
You are too injured to fight recklessly!
You are too injured to fight recklessly!
You are too injured to fight recklessly!
You are too injured to fight recklessly!
You are too injured to fight recklessly!
You barely miss the hobgoblin.
The hobgoblin is heavily wounded.
The hobgoblin hits you with a club.
You die...

### #.# #.# #.# # ..%
+# # #.# #.# # #.#
###.#### #
#.#########......# #
#...@g...##....#.# #
##.######.##......# #
#...#####.##....#.# #
#.#........)...##.####
#...#####.##.....)....
##.######.##......####
#........#########
##########


You could see a hobgoblin.

Vanquished Creatures
  A dart slug (D:1)
  A leopard gecko (D:1)
  3 goblins (D:1)
  A hobgoblin (D:1)
  3 jackals (D:1)
  A ball python (D:1)
  A bat (D:1)
  2 frilled lizards (D:1)
  2 kobolds (D:1)
  2 rats (D:1)
17 creatures vanquished.

Notes
Turn   | Place    | Note
-------+----------+-------------------------------------------
     0 | D:1      | Oravi the Kobold Hunter began the quest for the Orb.
     0 | D:1      | Reached XP level 1. HP: 12/12 MP: 1/1
    86 | D:1      | Reached skill level 5 in Crossbows
   320 | D:1      | Reached XP level 2. HP: 16/17 MP: 2/2
   732 | D:1      | Slain by a hobgoblin

Vault maps used:
D:1:      dpeg_chamrin_arrival_tetris

Skill      XL: |  1 |
---------------+----+-----
Crossbows      | 5 |  5.4
Fighting       | |  2.1
Short Blades   | |  0.7
Dodging        | |  2.8
Stealth        | |  1.3

Action                   || total
-------------------------++-------
Melee: Dagger            ||    61
       Short sword       ||     9
 Stab: Sleeping          ||     1
  Eat: Chunk             ||     8
Armor: Leather armour    ||    19
Dodge: Dodged            ||    54

Table legend:
 A = Spawn XP
 B = Non-spawn XP
 C = Spawn XP percentage of total XP
 D = Spawn monster count
 E = Non-spawn monster count
 F = Spawn count percentage of total count
 G = Total turns spent on level
                    A         B        C        D         E        F      G
               +---------+---------+-------+---------+---------+-------+---------
         Total |       0 |      28 |   0.0 |       0 |      17 |   0.0 |   732
               +---------+---------+-------+---------+---------+-------+---------
           D:1 |       0 |      28 |   0.0 |       0 |      17 |   0.0 |   732
               +---------+---------+-------+---------+---------+-------+---------
